Demolitions vs Remparts (R1)

Created - 7 mai 2016 at 19:07

Goals
1 2 3 T
Demolitions 0 4 2 6
Remparts 0 2 0 2
Shots
1 2 3 T
Demolitions 3 20 12 35
Remparts 14 18 5 37

1st period

No Goal

Penalties :
Erik Gudbranson (Que) for Hooking (Minor) at 0:17, Cédric Lalonde-McNicoll (Que) for Holding (Minor) at 3:43, Ryan Vesce (Vic) for Hooking (Minor) at 18:06

2nd period

1. Demolitions , Ryan Vesce 5 (Bobby Butler, Darren Helm) at 0:54
2. Demolitions , David Laliberté 2 (Billy Sweat, Anton Babchuk) at 9:35
3. Remparts , Oliver Ekman-Larsson 1 (Mattias Weinhandl, Pasi Salonen) at 10:20
4. Remparts , Jonathan Cheechoo 2 (Max Reinhart) at 11:57
5. Demolitions , David Laliberté 3 (Cameron Schilling) at 15:18 (PP)
6. Demolitions , Corban Knight 1 (Konstantin Pushkarev, Anssi Salmela) at 16:35

Penalties :
Erik Gudbranson (Que) for Holding (Minor) at 13:52, Oliver Ekman-Larsson (Que) for Slashing (Minor) at 18:18

3rd period

7. Demolitions , Konstantin Pushkarev 2 (David Rundblad, Josh Beaulieu) at 5:08
8. Demolitions , Ryan Vesce 6 (Marek Zagrapan) at 12:34

Penalties :
Pasi Salonen (Que) for Elbowing (Minor) at 1:19, Pasi Salonen (Que) for Holding (Minor) at 6:23, Rico Fata (Que) for Fighting (Major) at 12:41, Cameron Schilling (Vic) for Fighting (Major) at 12:41, Cameron Schilling (Vic) for instigated a fight (Minor) at 12:41, Cameron Schilling (Vic) for instigated a fight (10 Minutes Misconduct) at 12:41, Mattias Weinhandl (Que) for Roughing (Minor) at 17:29

Goalie Stats

Brent Krahn (Vic), 35 saves from 37 shots - (0,946), W, 2-0-0, 60:00 minutes
Keith Kinkaid (Que), 29 saves from 35 shots - (0,829), L, 0-1-0, 60:00 minutes

Players Stats for Demolitions

Player Name              G  A  P  +/- PIM S  H  SB GA TA FO     MP     PP MP  PK MP  
------------------------------------------------------------------------------------
Alex Hutchings           0  0  0   0  0   0  0  0  0  0  0/0     2:03   0:00   1:47 
Andrew Campbell          0  0  0   0  0   0  0  0  0  1  0/0    10:14   0:00   0:59 
Anssi Salmela            0  1  1   2  0   0  2  0  0  1  0/0    19:18   5:46   1:36 
Anton Babchuk            0  1  1   1  0   0  2  0  0  1  0/0    25:29   7:34   2:22 
Billy Sweat              0  1  1   1  0   1  1  0  0  0  0/0    11:27   0:00   0:00 
Bobby Butler             0  1  1   2  0   2  3  0  0  2  2/6    22:11   6:27   2:23 
Cameron Schilling        0  1  1   1  17  0  1  0  0  1  0/0    21:50   6:23   1:20 
Chris Wideman            0  0  0   0  0   0  0  0  0  0  0/0     5:58   0:00   0:00 
Corban Knight            1  0  1   0  0   1  0  1  0  0  1/2     9:04   0:00   0:46 
Darren Helm              0  1  1   2  0   0  1  0  0  0  15/26  19:34   6:26   0:26 
David Laliberté          2  0  2   1  0   3  0  1  3  0  0/0    12:19   0:26   0:00 
David Rundblad           0  1  1   2  0   1  1  1  1  0  0/0    19:18   5:46   1:36 
Josh Beaulieu            0  1  1   0  0   4  1  1  1  1  0/0     9:17   0:00   0:59 
Konstantin Pushkarev     1  1  2   0  0   2  2  1  1  0  0/0     8:18   0:00   0:00 
Marek Zagrapan           0  1  1   0  0   4  1  0  0  0  8/12   15:54   6:27   0:00 
Masi Marjamaki           0  0  0   0  0   0  0  0  0  0  0/0     0:47   0:27   0:05 
Matt D'Agostini          0  0  0   0  0   3  3  1  1  0  0/0    15:54   6:27   0:00 
Nick Pryor               0  0  0   0  0   0  0  0  0  0  0/0     2:36   1:11   0:00 
Nicolas Blanchard        0  0  0   1  0   0  1  1  2  0  0/2    11:27   0:00   0:00 
Nigel Dawes              0  0  0   0  0   5  2  1  0  0  0/0    16:20   6:27   0:26 
Robert Bortuzzo          0  0  0   0  0   0  0  0  0  1  0/0     5:58   0:00   0:00 
Ryan Vesce               2  0  2   2  2   9  2  0  1  0  1/1    20:44   6:26   1:04 
Seth Helgeson            0  0  0   0  0   0  0  0  0  0  0/0     9:18   0:00   0:03 
Taylor Aronson           0  0  0   0  0   0  0  0  0  0  0/0     0:00   0:00   0:00 
Vince Rocco              0  0  0   0  0   0  0  0  0  0  0/0     0:42   0:27   0:00 

Players Stats for Remparts

Player Name              G  A  P  +/- PIM S  H  SB GA TA FO     MP     PP MP  PK MP  
------------------------------------------------------------------------------------
Cédric Lalonde-McNicoll  0  0  0  -2  2   2  3  2  1  1  14/31  21:35   1:31   5:30 
Chris Mueller            0  0  0   0  0   0  0  0  1  0  4/11   13:02   2:27   0:28 
Erik Gudbranson          0  0  0  -1  4   0  3  0  0  0  0/0    20:28   1:34   0:13 
Geordie Wudrick          0  0  0  -1  0   0  0  0  0  1  0/0     8:58   0:00   0:00 
Guillaume Desbiens       0  0  0   0  0   0  1  0  1  0  0/0     9:19   0:34   0:00 
Janne Niskala            0  0  0  -2  0   1  0  1  0  0  0/0    17:31   2:24   5:49 
Jarod Palmer             0  0  0   0  0   2  0  0  1  0  0/1     8:45   0:00   0:00 
Johannes Salmonsson      0  0  0   0  0   4  1  1  1  0  0/0    16:59   0:19   7:17 
Jonathan Cheechoo        1  0  1  -1  0   6  3  0  1  1  2/3    12:20   0:00   3:15 
Keith Ballard            0  0  0   0  0   0  0  0  0  0  0/0    19:21   2:24   1:41 
Matt Halischuk           0  0  0   0  0   2  2  0  0  0  0/0    12:37   2:27   0:00 
Mattias Weinhandl        0  1  1  -2  2   2  0  1  1  0  0/1    16:03   1:31   0:00 
Max Reinhart             0  1  1  -1  0   0  2  3  0  0  2/2    14:28   0:00   5:24 
Nate Guenin              0  0  0   0  0   3  4  0  0  2  0/0    22:09   0:00   7:18 
Oliver Ekman-Larsson     1  0  1  -1  2   7  0  0  0  1  0/0    25:56   1:34   5:56 
Pasi Salonen             0  1  1  -2  4   3  3  0  1  0  0/0    18:56   1:31   3:16 
Rico Fata                0  0  0   0  5   5  3  0  0  0  0/0    13:05   1:34   1:31 
William Colbert          0  0  0  -2  0   0  0  0  0  4  0/0    15:01   0:00   5:43 

3 Stars

1 - Ryan Vesce (Vic)
2 - David Laliberté (Vic)
3 - Konstantin Pushkarev (Vic)

Power Play

Demolitions - 1 on 7 Attempt(s) - 14,29%
Remparts - 0 on 2 Attempt(s) - 0,00%

Penalty Kill

Demolitions - 2 on 2 Attempt(s) - 100,00% - Score 0 goal in Penalty Kill
Remparts - 6 on 7 Attempt(s) - 85,71% - Score 0 goal in Penalty Kill

Team Stat

Demolitions - Hits : 23 - Faceoff Wins : 27 - Blocked Shots : 8 - Penalty Minutes : 19
Remparts - Hits : 25 - Faceoff Wins : 22 - Blocked Shots : 8 - Penalty Minutes : 19

Official

Referees : Auger Stephane and Jackson Dave
Linesman : Don Henderson and Jean Morin

Game Notes

Rico Fata and Cameron Schilling fight to a draw at 12:41 of 3rd period

Finance

Level 1 -- Attendance: 1689 (84,45%) -- Ticket Income 42 225 $
Level 2 -- Attendance: 884 (88,40%) -- Ticket Income 13 260 $
Total Attendance: 2573 (85,77%)
Total Ticket Income: 55 485 $
Other Income: 2 774 $
Total Income: 58 259 $

Demolitions

5 vs 5 Forward 
   Center                   Left Wing                Right Wing               Time % Phy DF OF 
 1 Darren Helm              Bobby Butler             Ryan Vesce               40     1   2  2  
 2 Marek Zagrapan           Nigel Dawes              Matt D'Agostini          30     1   2  2  
 3 Nicolas Blanchard        Billy Sweat              David Laliberté          20     1   2  2  
 4 Corban Knight            Josh Beaulieu            Konstantin Pushkarev     10     1   2  2  

5 vs 5 Defense 
   Defense                  Defense                                           Time % Phy DF OF 
 1 Cameron Schilling        Anton Babchuk                                     40     1   2  2  
 2 Anssi Salmela            David Rundblad                                    30     1   2  2  
 3 Andrew Campbell          Seth Helgeson                                     20     1   2  2  
 4 Robert Bortuzzo          Chris Wideman                                     10     1   2  2  

PowerPlay Forward 
   Center                   Left Wing                Right Wing               Time % Phy DF OF 
 1 Darren Helm              Bobby Butler             Ryan Vesce               60     1   2  2  
 2 Marek Zagrapan           Nigel Dawes              Matt D'Agostini          40     1   2  2  

PowerPlay Defense
   Defense                  Defense                                           Time % Phy DF OF 
 1 Cameron Schilling        Anton Babchuk                                     60     1   2  2  
 2 Anssi Salmela            David Rundblad                                    40     1   2  2  

Penalty Kill 4 Players Forward 
   Center                   Wing                     Time % Phy DF OF 
 1 Bobby Butler             Ryan Vesce               60     1   2  2  
 2 Nigel Dawes              Darren Helm              40     1   2  2  

Penalty Kill 4 Players Defense
   Defense                  Defense                  Time % Phy DF OF 
 1 Cameron Schilling        Anton Babchuk            60     1   2  2  
 2 Anssi Salmela            David Rundblad           40     1   2  2  

Penalty Kill - 3 Players Forward 
   Forward                                           Time % Phy DF OF 
 1 Bobby Butler                                      60     1   2  2  
 2 Ryan Vesce                                        40     1   2  2  

Penalty Kill - 3 Players Defense
   Defense                  Defense                  Time % Phy DF OF 
 1 Cameron Schilling        Anton Babchuk            60     1   2  2  
 2 Anssi Salmela            David Rundblad           40     1   2  2  

4 vs 4 Forward 
   Center                   Wing                     Time % Phy DF OF 
 1 Bobby Butler             Ryan Vesce               60     1   2  2  
 2 Nigel Dawes              Darren Helm              40     1   2  2  

4 vs 4 Defense
   Defense                  Defense                  Time % Phy DF OF 
 1 Cameron Schilling        Anton Babchuk            60     1   2  2  
 2 Anssi Salmela            David Rundblad           40     1   2  2  

Last Minutes Offensive
   Center                   Left Wing                Right Wing               Defense                  Defense                  
   Darren Helm              Bobby Butler             Ryan Vesce               Cameron Schilling        Anton Babchuk            

Last Minutes Defensive
   Center                   Left Wing                Right Wing               Defense                  Defense                  
   Darren Helm              Bobby Butler             Ryan Vesce               Cameron Schilling        Anton Babchuk            

Goaltenders
Starting : Brent Krahn              
Backup : Joe Cannata              

Extra Forwards
Normal : Masi Marjamaki, Vince Rocco, Alex Hutchings - PP : Masi Marjamaki, Vince Rocco - PK : Alex Hutchings
Extra Defensemen
Normal : Nick Pryor, Andrew Campbell, Seth Helgeson - PP : Nick Pryor - PK : Andrew Campbell, Seth Helgeson
Penalty Shots
Bobby Butler, Ryan Vesce, Nigel Dawes, Darren Helm, Matt D'Agostini

Remparts

5 vs 5 Forward 
   Center                   Left Wing                Right Wing               Time % Phy DF OF 
 1 Cédric Lalonde-McNicoll  Pasi Salonen             Mattias Weinhandl        40     0   2  3  
 2 Chris Mueller            Rico Fata                Matt Halischuk           30     0   2  3  
 3 Jarod Palmer             Johannes Salmonsson      Guillaume Desbiens       20     1   2  2  
 4 Max Reinhart             Geordie Wudrick          Jonathan Cheechoo        10     1   2  2  

5 vs 5 Defense 
   Defense                  Defense                                           Time % Phy DF OF 
 1 Oliver Ekman-Larsson     Erik Gudbranson                                   40     0   2  3  
 2 Nate Guenin              Keith Ballard                                     30     1   2  2  
 3 William Colbert          Janne Niskala                                     20     1   2  2  
 4 Oliver Ekman-Larsson     Erik Gudbranson                                   10     0   2  3  

PowerPlay Forward 
   Center                   Left Wing                Right Wing               Time % Phy DF OF 
 1 Cédric Lalonde-McNicoll  Pasi Salonen             Mattias Weinhandl        60     0   1  4  
 2 Chris Mueller            Rico Fata                Matt Halischuk           40     0   1  4  

PowerPlay Defense
   Defense                  Defense                                           Time % Phy DF OF 
 1 Oliver Ekman-Larsson     Erik Gudbranson                                   60     0   2  3  
 2 Janne Niskala            Keith Ballard                                     40     0   2  3  

Penalty Kill 4 Players Forward 
   Center                   Wing                     Time % Phy DF OF 
 1 Cédric Lalonde-McNicoll  Johannes Salmonsson      60     1   4  0  
 2 Max Reinhart             Pasi Salonen             40     1   4  0  

Penalty Kill 4 Players Defense
   Defense                  Defense                  Time % Phy DF OF 
 1 Nate Guenin              Oliver Ekman-Larsson     60     1   4  0  
 2 William Colbert          Janne Niskala            40     1   4  0  

Penalty Kill - 3 Players Forward 
   Forward                                           Time % Phy DF OF 
 1 Johannes Salmonsson                               60     1   4  0  
 2 Max Reinhart                                      40     1   4  0  

Penalty Kill - 3 Players Defense
   Defense                  Defense                  Time % Phy DF OF 
 1 Oliver Ekman-Larsson     Erik Gudbranson          60     1   4  0  
 2 Nate Guenin              Keith Ballard            40     1   4  0  

4 vs 4 Forward 
   Center                   Wing                     Time % Phy DF OF 
 1 Cédric Lalonde-McNicoll  Pasi Salonen             60     0   2  3  
 2 Chris Mueller            Matt Halischuk           40     1   2  2  

4 vs 4 Defense
   Defense                  Defense                  Time % Phy DF OF 
 1 Oliver Ekman-Larsson     Erik Gudbranson          60     0   2  3  
 2 Nate Guenin              Keith Ballard            40     1   2  2  

Last Minutes Offensive
   Center                   Left Wing                Right Wing               Defense                  Defense                  
   Cédric Lalonde-McNicoll  Pasi Salonen             Mattias Weinhandl        Oliver Ekman-Larsson     Erik Gudbranson          

Last Minutes Defensive
   Center                   Left Wing                Right Wing               Defense                  Defense                  
   Cédric Lalonde-McNicoll  Pasi Salonen             Mattias Weinhandl        Oliver Ekman-Larsson     Janne Niskala            

Goaltenders
Starting : Keith Kinkaid            
Backup : Petr Mrazek              

Extra Forwards
Normal : Matt Halischuk, Mattias Weinhandl, Pasi Salonen - PP : Guillaume Desbiens, Mattias Weinhandl - PK : Jonathan Cheechoo
Extra Defensemen
Normal : Keith Ballard, Oliver Ekman-Larsson, Erik Gudbranson - PP : William Colbert - PK : Keith Ballard, Oliver Ekman-Larsson
Penalty Shots
Mattias Weinhandl, Jonathan Cheechoo, Matt Halischuk, Pasi Salonen, Rico Fata

% Time on Ice - Demolitions

Lines # - Real PCT - Wanted PCT - Time Play
Normal Forward
1 - 32% - 40% - 13:30
2 - 22% - 30% - 9:27
3 - 27% - 20% - 11:27
4 - 19% - 10% - 8:18
Normal Defense
1 - 36% - 40% - 15:33
2 - 28% - 30% - 11:56
3 - 22% - 20% - 9:15
4 - 14% - 10% - 5:58
PP Forward
1 - 52% - 60% - 6:53
2 - 48% - 40% - 6:27
PP Defense
1 - 57% - 60% - 7:34
2 - 43% - 40% - 5:46
PK Forward
1 - 89% - 60% - 3:32
2 - 11% - 40% - 0:26
PK Defense
1 - 60% - 60% - 2:22
2 - 40% - 40% - 1:36
PK3 Forward
1 - 0% - 60%
2 - 0% - 40%
PK3 Defense
1 - 0% - 60%
2 - 0% - 40%
44 Forward
1 - 0% - 60%
2 - 0% - 40%
44 Defense
1 - 0% - 60%
2 - 0% - 40%
Last Minute Offensive  - 0:00
Last Minute Defensive  - 0:00
Total
Forward - 60:00
Defense - 60:00

% Time on Ice - Remparts

Lines # - Real PCT - Wanted PCT - Time Play
Normal Forward
1 - 34% - 40% - 14:43
2 - 24% - 30% - 10:16
3 - 20% - 20% - 8:45
4 - 21% - 10% - 8:58
Normal Defense
1 - 40% - 40% - 16:57
2 - 33% - 30% - 14:12
3 - 21% - 20% - 9:08
4 - 6% - 10% - 2:25
PP Forward
1 - 38% - 60% - 1:31
2 - 62% - 40% - 2:27
PP Defense
1 - 39% - 60% - 1:34
2 - 61% - 40% - 2:24
PK Forward
1 - 70% - 60% - 9:18
2 - 30% - 40% - 4:02
PK Defense
1 - 57% - 60% - 7:37
2 - 43% - 40% - 5:43
PK3 Forward
1 - 0% - 60%
2 - 0% - 40%
PK3 Defense
1 - 0% - 60%
2 - 0% - 40%
44 Forward
1 - 0% - 60%
2 - 0% - 40%
44 Defense
1 - 0% - 60%
2 - 0% - 40%
Last Minute Offensive  - 0:00
Last Minute Defensive  - 0:00
Total
Forward - 60:00
Defense - 60:00

Play by Play

1st period


0:01 of 1st period - Cédric Lalonde-McNicoll wins face-off versus Darren Helm in neutral zone.
0:08 of 1st period - Snap shot by Mattias Weinhandl.
0:08 of 1st period - Stopped by Brent Krahn with a rebound.
0:17 of 1st period - Minor Penalty to Erik Gudbranson for Hooking.
0:18 of 1st period - Cédric Lalonde-McNicoll wins face-off versus Darren Helm in Remparts zone.
2:16 of 1st period - Slapshot by David Laliberté.
2:16 of 1st period - Shot Misses the Net.
2:17 of 1st period - Penalty to Erik Gudbranson is over, Erik Gudbranson is back on ice.
2:18 of 1st period - Snap shot by David Rundblad.
2:18 of 1st period - Shot Blocked by Max Reinhart.
3:13 of 1st period - Marek Zagrapan is hit by Jonathan Cheechoo.
3:43 of 1st period - Minor Penalty to Cédric Lalonde-McNicoll for Holding.
3:44 of 1st period - Jonathan Cheechoo wins face-off versus Darren Helm in Remparts zone.
4:13 of 1st period - Wrist shot by Marek Zagrapan.
4:13 of 1st period - Shot Misses the Net.
4:19 of 1st period - Cameron Schilling is hit by Pasi Salonen.
5:43 of 1st period - Penalty to Cédric Lalonde-McNicoll is over, Cédric Lalonde-McNicoll is back on ice.
6:04 of 1st period - Icing by Chris Wideman.
6:05 of 1st period - Cédric Lalonde-McNicoll wins face-off versus Nicolas Blanchard in Demolitions zone.
6:16 of 1st period - Slapshot by Johannes Salmonsson.
6:16 of 1st period - Shot Hit the Post.
6:32 of 1st period - Chris Wideman is hit by Pasi Salonen.
7:04 of 1st period - Keith Ballard is hit by Bobby Butler and loses puck.
7:20 of 1st period - Snap shot by Jonathan Cheechoo.
7:20 of 1st period - Stopped by Brent Krahn with a rebound.
7:22 of 1st period - Slapshot by Nate Guenin.
7:22 of 1st period - Deflect By Jonathan Cheechoo.
7:22 of 1st period - Stopped by Brent Krahn without a rebound.
7:23 of 1st period - Marek Zagrapan wins face-off versus Cédric Lalonde-McNicoll in Demolitions zone.
7:38 of 1st period - Slapshot by Marek Zagrapan.
7:38 of 1st period - Deflect By Matt D'Agostini.
7:38 of 1st period - Stopped by Keith Kinkaid with a rebound.
8:07 of 1st period - Snap shot by Johannes Salmonsson.
8:07 of 1st period - Stopped by Brent Krahn with a rebound.
8:24 of 1st period - Seth Helgeson is hit by Johannes Salmonsson and loses puck.
9:29 of 1st period - Snap shot by Matt D'Agostini.
9:29 of 1st period - Stopped by Keith Kinkaid with a rebound.
9:31 of 1st period - Slapshot by Nigel Dawes.
9:31 of 1st period - Shot Misses the Net.
9:33 of 1st period - Wrist shot by Marek Zagrapan.
9:33 of 1st period - Shot Misses the Net.
9:35 of 1st period - Wrist shot by Nigel Dawes.
9:35 of 1st period - Stopped by Keith Kinkaid with a rebound.
9:53 of 1st period - Snap shot by Guillaume Desbiens.
9:53 of 1st period - Shot Misses the Net.
9:55 of 1st period - Snap shot by Johannes Salmonsson.
9:55 of 1st period - Shot Misses the Net.
9:57 of 1st period - Slapshot by Guillaume Desbiens.
9:57 of 1st period - Shot Misses the Net.
10:49 of 1st period - Darren Helm is hit by Erik Gudbranson and loses puck.
11:26 of 1st period - Snap shot by Johannes Salmonsson.
11:26 of 1st period - Stopped by Brent Krahn with a rebound.
12:15 of 1st period - Janne Niskala is hit by Anssi Salmela and loses puck.
13:48 of 1st period - Marek Zagrapan is hit by Rico Fata and loses puck.
14:49 of 1st period - Wrist shot by Johannes Salmonsson.
14:49 of 1st period - Shot Blocked by Konstantin Pushkarev.
14:51 of 1st period - Wrist shot by Matt Halischuk.
14:51 of 1st period - Stopped by Brent Krahn with a rebound.
14:59 of 1st period - Snap shot by Rico Fata.
14:59 of 1st period - Stopped by Brent Krahn with a rebound.
15:09 of 1st period - William Colbert is hit by Nigel Dawes and loses puck.
15:22 of 1st period - Snap shot by Darren Helm.
15:22 of 1st period - Shot Misses the Net.
15:33 of 1st period - Pasi Salonen is hit by Ryan Vesce.
15:43 of 1st period - Snap shot by Guillaume Desbiens.
15:43 of 1st period - Deflect By Johannes Salmonsson.
15:43 of 1st period - Stopped by Brent Krahn with a rebound.
15:45 of 1st period - Snap shot by Jarod Palmer.
15:45 of 1st period - Shot Misses the Net.
15:47 of 1st period - Wrist shot by Jarod Palmer.
15:47 of 1st period - Stopped by Brent Krahn with a rebound.
15:51 of 1st period - Snap shot by Johannes Salmonsson.
15:51 of 1st period - Deflect By Guillaume Desbiens.
15:51 of 1st period - Shot Blocked by Nicolas Blanchard.
15:51 of 1st period - Puck is out of play.
15:52 of 1st period - Chris Mueller wins face-off versus Marek Zagrapan in Demolitions zone.
15:53 of 1st period - Slapshot by Rico Fata.
15:53 of 1st period - Stopped by Brent Krahn with a rebound.
15:55 of 1st period - Slapshot by Oliver Ekman-Larsson.
15:55 of 1st period - Stopped by Brent Krahn without a rebound.
15:56 of 1st period - Marek Zagrapan wins face-off versus Chris Mueller in Demolitions zone.
15:56 of 1st period - Marek Zagrapan is hit by Rico Fata.
16:06 of 1st period - Wrist shot by Rico Fata.
16:06 of 1st period - Shot Blocked by Nigel Dawes.
16:08 of 1st period - Slapshot by Oliver Ekman-Larsson.
16:08 of 1st period - Shot Misses the Net.
16:10 of 1st period - Snap shot by Matt Halischuk.
16:10 of 1st period - Shot Misses the Net.
16:12 of 1st period - Slapshot by Erik Gudbranson.
16:12 of 1st period - Shot Misses the Net.
17:58 of 1st period - Wrist shot by Johannes Salmonsson.
17:58 of 1st period - Stopped by Brent Krahn with a rebound.
18:00 of 1st period - Backhand shot by Jarod Palmer.
18:00 of 1st period - Shot Misses the Net.
18:06 of 1st period - Minor Penalty to Ryan Vesce for Hooking.
18:07 of 1st period - Bobby Butler wins face-off versus Cédric Lalonde-McNicoll in Demolitions zone.
18:20 of 1st period - Snap shot by Pasi Salonen.
18:20 of 1st period - Shot Misses the Net.
18:34 of 1st period - Wrist shot by Rico Fata.
18:34 of 1st period - Stopped by Brent Krahn with a rebound.
18:36 of 1st period - Slapshot by Janne Niskala.
18:36 of 1st period - Stopped by Brent Krahn without a rebound.
18:37 of 1st period - Bobby Butler wins face-off versus Chris Mueller in Demolitions zone.
18:37 of 1st period - Bobby Butler is hit by Rico Fata.
Goals for this period are 0 for Demolitions vs 0 for Remparts.
Shots for this period are 3 for Demolitions vs 14 for Remparts.

2nd period


0:01 of 2nd period - Cédric Lalonde-McNicoll wins face-off versus Bobby Butler in neutral zone.
0:06 of 2nd period - Penalty to Ryan Vesce is over, Ryan Vesce is back on ice.
0:39 of 2nd period - Icing by Marek Zagrapan.
0:40 of 2nd period - Cédric Lalonde-McNicoll wins face-off versus Marek Zagrapan in Demolitions zone.
0:41 of 2nd period - Slapshot by Mattias Weinhandl.
0:41 of 2nd period - Deflect By Pasi Salonen.
0:41 of 2nd period - Shot Misses the Net.
0:41 of 2nd period - Puck is out of play.
0:42 of 2nd period - Darren Helm wins face-off versus Cédric Lalonde-McNicoll in Demolitions zone.
0:42 of 2nd period - Darren Helm is hit by Nate Guenin.
0:54 of 2nd period - Slapshot by Ryan Vesce.
0:54 of 2nd period - Goal by Ryan Vesce - Demolitions : 1 - Remparts : 0.
0:55 of 2nd period - Darren Helm wins face-off versus Cédric Lalonde-McNicoll in neutral zone.
0:59 of 2nd period - Anton Babchuk is hit by Erik Gudbranson and loses puck.
1:08 of 2nd period - Slapshot by Mattias Weinhandl.
1:08 of 2nd period - Deflect By Pasi Salonen.
1:08 of 2nd period - Shot Misses the Net.
1:08 of 2nd period - Puck is out of play.
1:09 of 2nd period - Marek Zagrapan wins face-off versus Cédric Lalonde-McNicoll in Demolitions zone.
1:16 of 2nd period - Snap shot by Nigel Dawes.
1:16 of 2nd period - Stopped by Keith Kinkaid with a rebound.
1:18 of 2nd period - Wrist shot by Nigel Dawes.
1:18 of 2nd period - Deflect By Marek Zagrapan.
1:18 of 2nd period - Stopped by Keith Kinkaid without a rebound.
1:19 of 2nd period - Marek Zagrapan wins face-off versus Cédric Lalonde-McNicoll in Remparts zone.
1:59 of 2nd period - Off-side.
2:00 of 2nd period - Chris Mueller wins face-off versus Darren Helm in neutral zone.
2:07 of 2nd period - Wrist shot by Matt Halischuk.
2:07 of 2nd period - Stopped by Brent Krahn with a rebound.
2:09 of 2nd period - Wrist shot by Nate Guenin.
2:09 of 2nd period - Shot Blocked by David Rundblad.
3:15 of 2nd period - William Colbert is hit by Darren Helm.
3:29 of 2nd period - Slapshot by Pasi Salonen.
3:29 of 2nd period - Stopped by Brent Krahn with a rebound.
4:11 of 2nd period - Snap shot by Nate Guenin.
4:11 of 2nd period - Stopped by Brent Krahn with a rebound.
4:31 of 2nd period - Wrist shot by Darren Helm.
4:31 of 2nd period - Deflect By Ryan Vesce.
4:31 of 2nd period - Stopped by Keith Kinkaid with a rebound.
4:33 of 2nd period - Snap shot by Ryan Vesce.
4:33 of 2nd period - Stopped by Keith Kinkaid with a rebound.
4:35 of 2nd period - Slapshot by Ryan Vesce.
4:35 of 2nd period - Shot Misses the Net.
4:49 of 2nd period - Wrist shot by Nicolas Blanchard.
4:49 of 2nd period - Shot Misses the Net.
5:11 of 2nd period - Wrist shot by Jarod Palmer.
5:11 of 2nd period - Stopped by Brent Krahn without a rebound.
5:12 of 2nd period - Darren Helm wins face-off versus Mattias Weinhandl in Demolitions zone.
6:13 of 2nd period - Wrist shot by Marek Zagrapan.
6:13 of 2nd period - Shot Blocked by Janne Niskala.
7:46 of 2nd period - Nicolas Blanchard is hit by Nate Guenin and loses puck.
7:53 of 2nd period - David Laliberté is hit by Max Reinhart and loses puck.
8:00 of 2nd period - Billy Sweat is hit by Nate Guenin.
8:20 of 2nd period - Wrist shot by David Laliberté.
8:20 of 2nd period - Shot Blocked by Max Reinhart.
8:28 of 2nd period - Cameron Schilling is hit by Jonathan Cheechoo and loses puck.
9:13 of 2nd period - Wrist shot by Jonathan Cheechoo.
9:13 of 2nd period - Stopped by Brent Krahn with a rebound.
9:31 of 2nd period - Slapshot by David Laliberté.
9:31 of 2nd period - Shot Blocked by Max Reinhart.
9:33 of 2nd period - Snap shot by Billy Sweat.
9:33 of 2nd period - Stopped by Keith Kinkaid with a rebound.
9:35 of 2nd period - Slapshot by David Laliberté.
9:35 of 2nd period - Goal by David Laliberté - Demolitions : 2 - Remparts : 0.
9:36 of 2nd period - Cédric Lalonde-McNicoll wins face-off versus Darren Helm in neutral zone.
10:08 of 2nd period - Slapshot by Oliver Ekman-Larsson.
10:08 of 2nd period - Shot Misses the Net.
10:10 of 2nd period - Wrist shot by Oliver Ekman-Larsson.
10:10 of 2nd period - Stopped by Brent Krahn with a rebound.
10:12 of 2nd period - Snap shot by Mattias Weinhandl.
10:12 of 2nd period - Deflect By Pasi Salonen.
10:12 of 2nd period - Stopped by Brent Krahn with a rebound.
10:14 of 2nd period - Snap shot by Mattias Weinhandl.
10:14 of 2nd period - Shot Blocked by Corban Knight.
10:16 of 2nd period - Wrist shot by Mattias Weinhandl.
10:16 of 2nd period - Shot Blocked by Josh Beaulieu.
10:18 of 2nd period - Wrist shot by Mattias Weinhandl.
10:18 of 2nd period - Shot Misses the Net.
10:20 of 2nd period - Wrist shot by Oliver Ekman-Larsson.
10:20 of 2nd period - Goal by Oliver Ekman-Larsson - Demolitions : 2 - Remparts : 1.
10:21 of 2nd period - Darren Helm wins face-off versus Chris Mueller in neutral zone.
10:24 of 2nd period - Matt Halischuk is hit by Bobby Butler and loses puck.
10:33 of 2nd period - Snap shot by Rico Fata.
10:33 of 2nd period - Deflect By Bobby Butler.
10:33 of 2nd period - Stopped by Brent Krahn without a rebound.
10:34 of 2nd period - Cédric Lalonde-McNicoll wins face-off versus Darren Helm in Demolitions zone.
10:47 of 2nd period - Snap shot by Mattias Weinhandl.
10:47 of 2nd period - Shot Misses the Net.
10:49 of 2nd period - Slapshot by Cédric Lalonde-McNicoll.
10:49 of 2nd period - Stopped by Brent Krahn without a rebound.
10:50 of 2nd period - Marek Zagrapan wins face-off versus Chris Mueller in Demolitions zone.
11:15 of 2nd period - Anton Babchuk is hit by Cédric Lalonde-McNicoll and loses puck.
11:22 of 2nd period - Mattias Weinhandl is hit by Anssi Salmela and loses puck.
11:39 of 2nd period - Wrist shot by David Laliberté.
11:39 of 2nd period - Stopped by Keith Kinkaid with a rebound.
11:41 of 2nd period - Slapshot by David Laliberté.
11:41 of 2nd period - Shot Misses the Net.
11:55 of 2nd period - Snap shot by Jonathan Cheechoo.
11:55 of 2nd period - Stopped by Brent Krahn without a rebound.
11:56 of 2nd period - Max Reinhart wins face-off versus Corban Knight in Demolitions zone.
11:57 of 2nd period - Snap shot by Jonathan Cheechoo.
11:57 of 2nd period - Goal by Jonathan Cheechoo - Demolitions : 2 - Remparts : 2.
11:58 of 2nd period - Cédric Lalonde-McNicoll wins face-off versus Darren Helm in neutral zone.
12:09 of 2nd period - Wrist shot by Mattias Weinhandl.
12:09 of 2nd period - Stopped by Brent Krahn without a rebound.
12:10 of 2nd period - Cédric Lalonde-McNicoll wins face-off versus Darren Helm in Demolitions zone.
12:15 of 2nd period - Wrist shot by Pasi Salonen.
12:15 of 2nd period - Shot Misses the Net.
12:17 of 2nd period - Slapshot by Oliver Ekman-Larsson.
12:17 of 2nd period - Shot Misses the Net.
12:19 of 2nd period - Slapshot by Cédric Lalonde-McNicoll.
12:19 of 2nd period - Stopped by Brent Krahn without a rebound.
12:20 of 2nd period - Darren Helm wins face-off versus Cédric Lalonde-McNicoll in Demolitions zone.
12:39 of 2nd period - Snap shot by Pasi Salonen.
12:39 of 2nd period - Stopped by Brent Krahn with a rebound.
12:41 of 2nd period - Slapshot by Oliver Ekman-Larsson.
12:41 of 2nd period - Stopped by Brent Krahn with a rebound.
13:07 of 2nd period - Slapshot by Oliver Ekman-Larsson.
13:07 of 2nd period - Stopped by Brent Krahn with a rebound.
13:31 of 2nd period - Backhand shot by Ryan Vesce.
13:31 of 2nd period - Stopped by Keith Kinkaid with a rebound.
13:52 of 2nd period - Minor Penalty to Erik Gudbranson for Holding.
13:53 of 2nd period - Marek Zagrapan wins face-off versus Jonathan Cheechoo in Remparts zone.
13:57 of 2nd period - Snap shot by Nigel Dawes.
13:57 of 2nd period - Stopped by Keith Kinkaid with a rebound.
13:59 of 2nd period - Snap shot by Marek Zagrapan.
13:59 of 2nd period - Stopped by Keith Kinkaid with a rebound.
14:01 of 2nd period - Slapshot by David Rundblad.
14:01 of 2nd period - Deflect By Marek Zagrapan.
14:01 of 2nd period - Stopped by Keith Kinkaid with a rebound.
14:03 of 2nd period - Slapshot by David Rundblad.
14:03 of 2nd period - Shot Misses the Net.
14:05 of 2nd period - Snap shot by Matt D'Agostini.
14:05 of 2nd period - Stopped by Keith Kinkaid without a rebound.
14:06 of 2nd period - Jonathan Cheechoo wins face-off versus Marek Zagrapan in Remparts zone.
14:06 of 2nd period - Jonathan Cheechoo is hit by David Rundblad.
14:45 of 2nd period - Snap shot by Nigel Dawes.
14:45 of 2nd period - Shot Misses the Net.
15:13 of 2nd period - Oliver Ekman-Larsson is hit by Anton Babchuk and loses puck.
15:18 of 2nd period - Snap shot by David Laliberté.
15:18 of 2nd period - Goal by David Laliberté - Demolitions : 3 - Remparts : 2.
15:19 of 2nd period - Chris Mueller wins face-off versus Darren Helm in neutral zone.
15:22 of 2nd period - Slapshot by Nate Guenin.
15:22 of 2nd period - Stopped by Brent Krahn without a rebound.
15:23 of 2nd period - Darren Helm wins face-off versus Chris Mueller in Demolitions zone.
15:23 of 2nd period - Darren Helm is hit by Matt Halischuk.
15:29 of 2nd period - Chris Mueller is hit by Bobby Butler and loses puck.
15:50 of 2nd period - Keith Ballard is hit by Marek Zagrapan and loses puck.
15:55 of 2nd period - Wrist shot by Nigel Dawes.
15:55 of 2nd period - Stopped by Keith Kinkaid with a rebound.
15:57 of 2nd period - Slapshot by Anton Babchuk.
15:57 of 2nd period - Shot Blocked by Mattias Weinhandl.
16:16 of 2nd period - Snap shot by David Laliberté.
16:16 of 2nd period - Shot Misses the Net.
16:26 of 2nd period - Jonathan Cheechoo is hit by Konstantin Pushkarev and loses puck.
16:33 of 2nd period - Snap shot by Konstantin Pushkarev.
16:33 of 2nd period - Deflect By Erik Gudbranson.
16:33 of 2nd period - Stopped by Keith Kinkaid with a rebound.
16:35 of 2nd period - Snap shot by Corban Knight.
16:35 of 2nd period - Goal by Corban Knight - Demolitions : 4 - Remparts : 2.
16:36 of 2nd period - Marek Zagrapan wins face-off versus Chris Mueller in neutral zone.
16:39 of 2nd period - Wrist shot by Matt D'Agostini.
16:39 of 2nd period - Shot Misses the Net.
16:49 of 2nd period - Wrist shot by Erik Gudbranson.
16:49 of 2nd period - Shot Blocked by Matt D'Agostini.
16:51 of 2nd period - Snap shot by Erik Gudbranson.
16:51 of 2nd period - Shot Hit the Post.
17:45 of 2nd period - Snap shot by Josh Beaulieu.
17:45 of 2nd period - Stopped by Keith Kinkaid with a rebound.
18:12 of 2nd period - Snap shot by Nigel Dawes.
18:12 of 2nd period - Stopped by Keith Kinkaid with a rebound.
18:18 of 2nd period - Minor Penalty to Oliver Ekman-Larsson for Slashing.
18:19 of 2nd period - Darren Helm wins face-off versus Cédric Lalonde-McNicoll in Remparts zone.
18:42 of 2nd period - Johannes Salmonsson is hit by Cameron Schilling and loses puck.
18:55 of 2nd period - Slapshot by Cameron Schilling.
18:55 of 2nd period - Shot Misses the Net.
18:57 of 2nd period - Slapshot by Anton Babchuk.
18:57 of 2nd period - Shot Misses the Net.
19:01 of 2nd period - Wrist shot by Bobby Butler.
19:01 of 2nd period - Stopped by Keith Kinkaid without a rebound.
19:02 of 2nd period - Cédric Lalonde-McNicoll wins face-off versus Marek Zagrapan in Remparts zone.
19:19 of 2nd period - Janne Niskala is hit by Nigel Dawes and loses puck.
19:55 of 2nd period - Icing by Ryan Vesce.
19:56 of 2nd period - Max Reinhart wins face-off versus Darren Helm in Demolitions zone.
Goals for this period are 4 for Demolitions vs 2 for Remparts.
Shots for this period are 20 for Demolitions vs 18 for Remparts.

3rd period


0:01 of 3rd period - Cédric Lalonde-McNicoll wins face-off versus Darren Helm in neutral zone.
0:06 of 3rd period - Slapshot by Nate Guenin.
0:06 of 3rd period - Deflect By Johannes Salmonsson.
0:06 of 3rd period - Shot Misses the Net.
0:06 of 3rd period - Puck is out of play.
0:07 of 3rd period - Darren Helm wins face-off versus Cédric Lalonde-McNicoll in Demolitions zone.
0:14 of 3rd period - Slapshot by Nate Guenin.
0:14 of 3rd period - Deflect By Johannes Salmonsson.
0:14 of 3rd period - Shot Misses the Net.
0:14 of 3rd period - Puck is out of play.
0:15 of 3rd period - Darren Helm wins face-off versus Cédric Lalonde-McNicoll in Demolitions zone.
0:18 of 3rd period - Penalty to Oliver Ekman-Larsson is over, Oliver Ekman-Larsson is back on ice.
0:59 of 3rd period - David Laliberté is hit by Max Reinhart and loses puck.
1:08 of 3rd period - Slapshot by Jonathan Cheechoo.
1:08 of 3rd period - Stopped by Brent Krahn with a rebound.
1:10 of 3rd period - Slapshot by Nate Guenin.
1:10 of 3rd period - Stopped by Brent Krahn with a rebound.
1:19 of 3rd period - Minor Penalty to Pasi Salonen for Elbowing.
1:20 of 3rd period - Ryan Vesce wins face-off versus Cédric Lalonde-McNicoll in Remparts zone.
3:19 of 3rd period - Penalty to Pasi Salonen is over, Pasi Salonen is back on ice.
3:54 of 3rd period - Oliver Ekman-Larsson is hit by Konstantin Pushkarev and loses puck.
4:19 of 3rd period - Slapshot by Nate Guenin.
4:19 of 3rd period - Shot Misses the Net.
4:25 of 3rd period - Bobby Butler is hit by Nate Guenin and loses puck.
4:51 of 3rd period - Keith Ballard is hit by Nicolas Blanchard and loses puck.
5:04 of 3rd period - Snap shot by Josh Beaulieu.
5:04 of 3rd period - Stopped by Keith Kinkaid without a rebound.
5:05 of 3rd period - Corban Knight wins face-off versus Cédric Lalonde-McNicoll in Remparts zone.
5:06 of 3rd period - Backhand shot by Josh Beaulieu.
5:06 of 3rd period - Shot Misses the Net.
5:08 of 3rd period - Backhand shot by David Rundblad.
5:08 of 3rd period - Deflect By Konstantin Pushkarev.
5:08 of 3rd period - Goal by Konstantin Pushkarev - Demolitions : 5 - Remparts : 2.
5:09 of 3rd period - Darren Helm wins face-off versus Cédric Lalonde-McNicoll in neutral zone.
5:34 of 3rd period - William Colbert is hit by Matt D'Agostini.
6:09 of 3rd period - Nicolas Blanchard is hit by Erik Gudbranson and loses puck.
6:23 of 3rd period - Minor Penalty to Pasi Salonen for Holding.
6:24 of 3rd period - Darren Helm wins face-off versus Cédric Lalonde-McNicoll in Remparts zone.
6:33 of 3rd period - Ryan Vesce is hit by Cédric Lalonde-McNicoll and loses puck.
6:40 of 3rd period - Johannes Salmonsson is hit by Ryan Vesce and loses puck.
7:01 of 3rd period - William Colbert is hit by Matt D'Agostini and loses puck.
7:18 of 3rd period - Matt D'Agostini is hit by Jonathan Cheechoo.
8:23 of 3rd period - Penalty to Pasi Salonen is over, Pasi Salonen is back on ice.
8:41 of 3rd period - Wrist shot by Josh Beaulieu.
8:41 of 3rd period - Stopped by Keith Kinkaid with a rebound.
8:47 of 3rd period - Wrist shot by Josh Beaulieu.
8:47 of 3rd period - Stopped by Keith Kinkaid with a rebound.
9:15 of 3rd period - Konstantin Pushkarev is hit by Cédric Lalonde-McNicoll.
10:31 of 3rd period - Nate Guenin is hit by Anton Babchuk and loses puck.
11:01 of 3rd period - Snap shot by Nigel Dawes.
11:01 of 3rd period - Shot Misses the Net.
11:13 of 3rd period - Slapshot by Jarod Palmer.
11:13 of 3rd period - Shot Misses the Net.
12:34 of 3rd period - Snap shot by Ryan Vesce.
12:34 of 3rd period - Goal by Ryan Vesce - Demolitions : 6 - Remparts : 2.
12:35 of 3rd period - Darren Helm wins face-off versus Chris Mueller in neutral zone.
12:41 of 3rd period - Rico Fata and Cameron Schilling fight to a draw.
12:41 of 3rd period - Penalty to Rico Fata for Fighting.
12:41 of 3rd period - Penalty to Cameron Schilling for Fighting.
12:41 of 3rd period - Penalty to Cameron Schilling for instigated a fight.
12:41 of 3rd period - Penalty to Cameron Schilling for instigated a fight.
12:42 of 3rd period - Cédric Lalonde-McNicoll wins face-off versus Bobby Butler in neutral zone.
12:57 of 3rd period - Slapshot by Oliver Ekman-Larsson.
12:57 of 3rd period - Deflect By Cédric Lalonde-McNicoll.
12:57 of 3rd period - Shot Misses the Net.
12:57 of 3rd period - Puck is out of play.
12:58 of 3rd period - Cédric Lalonde-McNicoll wins face-off versus Bobby Butler in Demolitions zone.
13:57 of 3rd period - Slapshot by David Rundblad.
13:57 of 3rd period - Shot Misses the Net.
13:59 of 3rd period - Slapshot by David Rundblad.
13:59 of 3rd period - Stopped by Keith Kinkaid with a rebound.
14:01 of 3rd period - Slapshot by Darren Helm.
14:01 of 3rd period - Shot Blocked by Cédric Lalonde-McNicoll.
14:41 of 3rd period - Penalty to Cameron Schilling is over, David Laliberté is send on ice.
14:47 of 3rd period - Wrist shot by Ryan Vesce.
14:47 of 3rd period - Stopped by Keith Kinkaid with a rebound.
14:53 of 3rd period - Slapshot by Oliver Ekman-Larsson.
14:53 of 3rd period - Stopped by Brent Krahn with a rebound.
14:55 of 3rd period - Slapshot by Erik Gudbranson.
14:55 of 3rd period - Shot Blocked by David Laliberté.
14:57 of 3rd period - Slapshot by Oliver Ekman-Larsson.
14:57 of 3rd period - Stopped by Brent Krahn without a rebound.
14:58 of 3rd period - Marek Zagrapan wins face-off versus Jarod Palmer in Demolitions zone.
15:13 of 3rd period - Nigel Dawes is hit by Guillaume Desbiens and loses puck.
15:39 of 3rd period - Mattias Weinhandl is hit by Billy Sweat and loses puck.
16:02 of 3rd period - Keith Ballard is hit by Josh Beaulieu and loses puck.
16:15 of 3rd period - Ryan Vesce is hit by Matt Halischuk and loses puck.
16:47 of 3rd period - Snap shot by Marek Zagrapan.
16:47 of 3rd period - Stopped by Keith Kinkaid with a rebound.
17:07 of 3rd period - Slapshot by Ryan Vesce.
17:07 of 3rd period - Stopped by Keith Kinkaid without a rebound.
17:08 of 3rd period - Darren Helm wins face-off versus Cédric Lalonde-McNicoll in Remparts zone.
17:09 of 3rd period - Slapshot by Ryan Vesce.
17:09 of 3rd period - Stopped by Keith Kinkaid with a rebound.
17:29 of 3rd period - Minor Penalty to Mattias Weinhandl for Roughing.
17:30 of 3rd period - Cédric Lalonde-McNicoll wins face-off versus Bobby Butler in Remparts zone.
17:35 of 3rd period - Slapshot by Darren Helm.
17:35 of 3rd period - Shot Hit the Post.
17:41 of 3rd period - Penalty to Rico Fata is over, Rico Fata is back on ice.
17:41 of 3rd period - Slapshot by Ryan Vesce.
17:41 of 3rd period - Stopped by Keith Kinkaid without a rebound.
17:42 of 3rd period - Darren Helm wins face-off versus Cédric Lalonde-McNicoll in Remparts zone.
17:57 of 3rd period - Wrist shot by Darren Helm.
17:57 of 3rd period - Shot Misses the Net.
18:07 of 3rd period - Matt D'Agostini is hit by Pasi Salonen and loses puck.
18:25 of 3rd period - William Colbert is hit by Matt D'Agostini and loses puck.
19:11 of 3rd period - Wrist shot by Marek Zagrapan.
19:11 of 3rd period - Shot Blocked by Johannes Salmonsson.
19:13 of 3rd period - Slapshot by Anssi Salmela.
19:13 of 3rd period - Deflect By Matt D'Agostini.
19:13 of 3rd period - Shot Blocked by Cédric Lalonde-McNicoll.
19:13 of 3rd period - Puck is out of play.
19:14 of 3rd period - Darren Helm wins face-off versus Cédric Lalonde-McNicoll in Remparts zone.
19:21 of 3rd period - Snap shot by Bobby Butler.
19:21 of 3rd period - Deflect By Oliver Ekman-Larsson.
19:21 of 3rd period - Stopped by Keith Kinkaid with a rebound.
19:29 of 3rd period - Penalty to Mattias Weinhandl is over, Mattias Weinhandl is back on ice.
19:39 of 3rd period - Slapshot by Oliver Ekman-Larsson.
19:39 of 3rd period - Deflect By Chris Mueller.
19:39 of 3rd period - Shot Misses the Net.
19:39 of 3rd period - Puck is out of play.
19:40 of 3rd period - Chris Mueller wins face-off versus Nicolas Blanchard in Demolitions zone.
19:55 of 3rd period - Slapshot by Rico Fata.
19:55 of 3rd period - Stopped by Brent Krahn with a rebound.
Goals for this period are 2 for Demolitions vs 0 for Remparts.
Shots for this period are 12 for Demolitions vs 5 for Remparts.